 Dungeon Crawl Stone Soup version 0.23.2-1-ga50397a (webtiles) character file.

Game seed: 12736963804774086422

264 schauveau the Poker (level 6, 0/42 HPs)
             Began as an Octopode Gladiator on May 2, 2019.
             Slain by a phantom (6 damage)
             ... on level 4 of the Dungeon.
             The game lasted 00:04:21 (2809 turns).

schauveau the Poker (Octopode Gladiator)            Turns: 2809, Time: 00:04:21

Health: 0/42       AC:  1    Str: 15    XL:     6   Next: 19%
Magic:  6/6        EV: 15    Int: 11    God:
Gold:   114        SH:  0    Dex: 13    Spells: 5/5 levels left

rFire    . . .     SeeInvis .   a - +0 trident
rCold    . . .     Gourm    .   (no shield)
rNeg     . . .     Faith    .   m - +0 hat
rPois    .         Spirit   .   (no amulet)
rElec    .         Reflect  .   j - ring of stealth
rCorr    .         Harm     .   (no ring)
MR       .....                  (no ring)
Stlth    ++++......             (no ring)
HPRegen  0.14/turn              (no ring)
MPRegen  0.10/turn              (no ring)
                                (no ring)
                                (no ring)

@: no status effects
A: almost no armour, stealthy swim, amphibious, 8 rings, constrict 8, camouflage
1, gelatinous body 1
a: no special abilities


You were on level 4 of the Dungeon.
You were not hungry.

You visited 1 branch of the dungeon, and saw 4 of its levels.

You collected 114 gold pieces.

Inventory:

Hand Weapons
 a - a +0 trident (weapon)
 b - a +0 hunting sling
Missiles
 c - 3 throwing nets (quivered)
 l - 16 bolts
 n - 99 stones
 s - 63 arrows
Armour
 m - a +0 hat (worn)
Jewellery
 j - a ring of stealth (left tentacle)
 w - an uncursed amulet of guardian spirit {unknown}
Scrolls
 e - 3 scrolls of remove curse {unknown}
 h - 4 scrolls of identify {unknown}
 k - a scroll of fear {unknown}
 o - a scroll of teleportation {unknown}
 t - a scroll of blinking {unknown}
 x - a scroll of fog {unknown}
Potions
 f - 4 potions of invisibility {unknown}
 g - 3 potions of might {unknown}
 i - a potion of lignification {unknown}
 p - a potion of brilliance {unknown}
 q - 2 potions of flight {unknown}
 r - 2 potions of resistance {unknown}
 u - a potion of curing {unknown}
 v - a potion of haste {unknown}
Comestibles
 d - 7 rations
 z - 2 chunks of flesh


   Skills:
 + Level 3.0 Fighting
 * Level 4.7 Polearms
 + Level 3.0 Throwing
 + Level 3.9 Dodging
 + Level 3.0 Stealth


You had 5 spell levels left.
You didn't know any spells.
Your spell library was empty.

Dungeon Overview and Level Annotations

Branches:
Dungeon (4/15)
 Temple: D:4-7

Altars:
Uskayaw


Innate Abilities, Weirdness & Mutations

You cannot wear most types of armour.
You are very stealthy in the water. (Stealth+)
You are amphibious.
You can wear up to eight rings at the same time.
You can use your tentacles to constrict eight enemies at once.
Your skin changes colour to match your surroundings (Stealth+).
Your rubbery body absorbs attacks. (AC +1, EV +1)


Message History

You are too injured to fight recklessly!
The phantom blinks!
There is an open door here.
You see here a ball python corpse.
There is an open door here.
You see here a ball python corpse.
You butcher the ball python corpse.
There is an open door here.
Things that are here:
4 chunks of flesh; a ball python skeleton There isn't anything to butcher here.
You are too injured to fight recklessly!
You hit the phantom but do no damage. Your squeeze misses the phantom.
The phantom is almost destroyed.
The phantom hits you!
* * * LOW HITPOINT WARNING * * *
The phantom blinks!
The phantom blinks!
The phantom hits you.
You die...

#.........#
#.........#
#########.........###
#
....................#
.
....................#
.#####
....................#
.)...#
......).............#
.)...#
....................#
#.)<.#
#######@#...........#
#....#
#.....W.######......#
#....#
#........#...'......#
#....#
.........#.†.#......#
#....#
....#######'##......#
#....#
#####...............#
.....#
#...)...............#
.....#
#...................#
.....#
#...................#


You could see a phantom.

Vanquished Creatures
  A scorpion (D:4)
  An orc wizard (D:4)
  A worker ant (D:3)
  A hound skeleton (D:4)
  5 adders
  2 worms (D:2)
  3 dart slugs
  A leopard gecko (D:3)
  11 orcs
  2 ball pythons
  4 giant cockroaches
  13 goblins
  4 hobgoblins
  7 jackals
  5 kobolds
  3 quokkas
  11 bats
  4 frilled lizards
  6 rats
85 creatures vanquished.

Notes
Turn   | Place    | Note
-------+----------+-------------------------------------------
     0 | D:1      | schauveau the Octopode Gladiator began the quest for the
                  | Orb.
     0 | D:1      | Reached XP level 1. HP: 14/14 MP: 1/1
    79 | D:1      | Reached XP level 2. HP: 15/19 MP: 2/2
   557 | D:1      | Reached XP level 3. HP: 24/24 MP: 3/3
   860 | D:2      | Reached skill level 1 in Stealth
  1135 | D:2      | Reached XP level 4. HP: 27/30 MP: 4/4
  1838 | D:3      | Reached skill level 4 in Polearms
  1950 | D:3      | Found a hide-covered altar of Uskayaw.
  2034 | D:3      | Reached XP level 5. HP: 31/35 MP: 5/5
  2372 | D:3      | Found a faded altar of an unknown god.
  2773 | D:4      | Reached XP level 6. HP: 42/42 MP: 6/6
  2782 | D:4      | Noticed a phantom
  2809 | D:4      | Slain by a phantom

Skill      XL: |  1  2  3  4  5 |
---------------+----------------+-----
Stealth        | 1 2 3 |  3.0
Polearms       | 4 |  4.7
Fighting       | 3 |  3.0
Throwing       | 3 |  3.0
Dodging        | |  3.9

Action                   |  1- 3 |  4- 6 || total
-------------------------+-------+-------++-------
Melee: Trident           |    49 |   133 ||   182
       Constrict         |    13 |    32 ||    45
       Tentacles         |     5 |    25 ||    30
 Fire: Hunting sling     |    44 |     8 ||    52
 Stab: Sleeping          |     7 |    13 ||    20
       Distracted        |       |     1 ||     1
  Eat: Ration            |       |     2 ||     2
       Chunk             |       |     1 ||     1
Armor: Skin              |     4 |    10 ||    14
Dodge: Dodged            |    33 |    72 ||   105
